 Dungeon Crawl Stone Soup version 0.23.2 (webtiles) character file.

Game seed: 17543922613781340898

100 Fang the Skirmisher (level 4, 0/29 HPs)
             Began as a Gargoyle Berserker on Apr 1, 2019.
             Was a Believer of Trog.
             Slain by a gnoll
             ... wielding a +0 spear
              (2 damage)
             ... on level 3 of the Dungeon.
             The game lasted 00:01:10 (1337 turns).

Fang the Skirmisher (Gargoyle Berserker)            Turns: 1337, Time: 00:01:11

Health: 0/29       AC:  9    Str: 21    XL:     4   Next: 74%
Magic:  4/4        EV: 12    Int:  8    God:    Trog [**....]
Gold:   38         SH:  0    Dex:  9    Spells: 3/3 levels left

rFire    . . .     SeeInvis .   a - +0 hand axe
rCold    . . .     Gourm    .   (no shield)
rNeg     + . .     Faith    .   b - +0 animal skin
rPois    ∞         Spirit   .   (no helmet)
rElec    +         Reflect  .   (no cloak)
rCorr    .         Harm     .   p - +2 pair of gloves
MR       .....                  (no boots)
Stlth    +.........             (no amulet)
HPRegen  0.09/turn              (no ring)
MPRegen  0.09/turn              (no ring)

@: berserk cooldown, slowed, very slow
A: negative energy resistance 1, electricity resistance, unbreathing,
petrification resistance, rot immunity, AC +3
a: Berserk, Trog's Hand, Renounce Religion


You were on level 3 of the Dungeon.
You worshipped Trog.
Trog was pleased with you.
You were very hungry.

You visited 1 branch of the dungeon, and saw 3 of its levels.

You collected 38 gold pieces.

Inventory:

Hand Weapons
 a - a +0 hand axe (weapon)
Armour
 b - a +0 animal skin (worn)
 p - a +2 pair of gloves (worn)
Jewellery
 n - an uncursed ring of stealth {unknown}
Wands
 q - a wand of paralysis (7)
Scrolls
 d - 2 scrolls of teleportation {unknown}
 e - 2 scrolls of identify {unknown}
 g - a scroll of enchant armour {unknown}
 j - a scroll of enchant weapon {unknown}
Potions
 h - a potion of invisibility {unknown}
 i - 2 potions of might {unknown}
 k - a potion of curing {unknown}
 l - a potion of flight {unknown}
 m - a potion of lignification {unknown}
 o - a potion of heal wounds {unknown}
Comestibles
 c - 3 rations
 f - 16 chunks of flesh


   Skills:
 + Level 4.0 Fighting
 + Level 3.3 Axes
 + Level 3.2 Armour
 + Level 2.3 Dodging


You had 3 spell levels left.
You didn't know any spells.
Your spell library was empty.

Dungeon Overview and Level Annotations

Branches:
Dungeon (3/15)

Altars:
Vehumet


Innate Abilities, Weirdness & Mutations

You are resistant to torment.
Your stone body is resilient. (AC +3)
You are immune to poison.
You resist negative energy. (rN+)
You are resistant to electric shocks. (rElec)
You can survive without breathing.
You are immune to petrification.
You are immune to rotting.


Message History

An orc comes into view. It is wielding a +0 dagger.
You closely miss the rat.
The orc shouts!
The gnoll hits you from afar with a +0 spear.
* * * LOW HITPOINT WARNING * * *
The rat completely misses you.
You slash the rat!
You kill the rat!
Trog accepts your kill. The gnoll hits you but does no damage.
You are no longer berserk.
Trog's vigour flows through your veins.
You are exhausted.
You feel yourself slow down. The orc barely misses you.
Things that are here:
a +0 spear; a rat corpse You hit the gnoll.
The gnoll is heavily wounded.
You hit the orc. The gnoll hits you with a +0 spear.
You die...

# #(#....# .##
...#.# #. .. #.#.#
#.#. #.<)###.#
#..###.))....#
#.))÷..##..# #.
#.#..#.##..#
#...###))).........
#.o@###.###..# ##
#.#g# #.# ..# # ..#
..# .# .... ..# .#
..#.# ..# .#.... ..
..###.# #. #..


You could see a gnoll and an orc.

Vanquished Creatures
  2 adders (D:2)
  3 gnolls (D:3)
  A worm (D:2)
  2 dart slugs
  7 orcs (D:3)
  6 goblins
  5 hobgoblins
  4 kobolds
  3 ball pythons
  5 bats
  2 frilled lizards
  3 rats
43 creatures vanquished.

Notes
Turn   | Place    | Note
-------+----------+-------------------------------------------
     0 | D:1      | Fang the Gargoyle Berserker began the quest for the Orb.
     0 | D:1      | Reached XP level 1. HP: 14/14 MP: 1/1
   261 | D:1      | Reached XP level 2. HP: 18/19 MP: 2/2
   673 | D:2      | Reached XP level 3. HP: 23/23 MP: 3/3
   888 | D:2      | Reached ** piety under Trog
   891 | D:2      | Found a radiant altar of Vehumet.
  1285 | D:3      | Reached XP level 4. HP: 29/29 MP: 4/4
  1329 | D:3      | Reached skill level 4 in Fighting
  1337 | D:3      | Slain by a gnoll

Skill      XL: |  1  2  3  4 |
---------------+-------------+-----
Axes           | 3 |  3.3
Dodging        | 2 |  2.3
Armour         | 3 |  3.2
Fighting       | 4 |  4.0

Action                   |  1- 3 |  4- 6 || total
-------------------------+-------+-------++-------
Melee: Hand axe          |    81 |    33 ||   114
Invok: Berserk           |       |     1 ||     1
  Eat: Chunk             |     1 |       ||     1
Armor: Animal skin       |    27 |    15 ||    42
Dodge: Dodged            |    57 |    28 ||    85
